 Dungeon Crawl Stone Soup version 0.14-a0-1613-gd720e3e (webtiles) character file.

340 PolkaDot the Vexing (level 5, -2/31 (35) HPs)
             Began as a Vampire Enchanter on Dec 25, 2013.
             Slain by wojtek's ghost (8 damage)
             ... on Level 3 of the Dungeon.
             The game lasted 00:10:30 (3991 turns).

PolkaDot the Vexing (Vampire Enchanter)             Turns: 3991, Time: 00:10:32

HP  -2/31 (35)   AC  4     Str 12      XL: 5   Next: 61%
MP   1/9         EV 12     Int 17      God:
Gold 123         SH  0     Dex 15      Spells:  3 memorised,  2 levels left

rFire  . . .     SeeInvis +     a - +1 dagger
rCold  + + .     Clarity  .     b - +1 robe
rNeg   + + +     Conserve .     (no shield)
rPois  +         rCorr    .     (no helmet)
rElec  .         rRot     +     (no cloak)
SustAb . .       Spirit   .     (no gloves)
rMut   .         Warding  .     f - +0 pair of boots
Saprov . . .     Stasis   .     e - amulet of inaccuracy {unknown}
                                (no ring)
                                (no ring)

@: regenerating slowly, mighty, very slightly contaminated, slightly resistant
to hostile enchantments, quite stealthy
A: fangs 3, see invisible, unbreathing
a: Bat Form


You were on level 3 of the Dungeon.
You were near bloodless.

You visited 1 branch of the dungeon, and saw 3 of its levels.

You collected 123 gold pieces.

Inventory:

Hand weapons
 a - a +1,+1 dagger (weapon)
Armour
 b - a +1 robe (worn)
 f - a +0 pair of boots (worn)
 j - a +3 orcish leather armour
 o - a +0 pair of gloves
Scrolls
 d - 2 scrolls of enchant armour {unknown}
 g - 2 scrolls of remove curse {unknown}
 h - 2 scrolls of enchant weapon I {unknown}
 i - a scroll of curse armour {unknown}
 k - a scroll of enchant weapon II {unknown}
 n - a scroll of noise {unknown}
 p - a scroll of teleportation {unknown}
Jewellery
 e - an amulet of inaccuracy (around neck) {unknown}
Potions
 r - a potion of lignification {unknown}
 s - a potion of restore abilities {unknown}
Books
 c - a book of Maledictions

   Spells                             Type                      Level
   *Corona                            Hexes                        1
   Sure Blade                         Hexes/Charms                 2
   *Ensorcelled Hibernation           Hexes/Ice                    2
   *Confuse                           Hexes                        3
   Enslavement                        Hexes                        4
   Invisibility                       Hexes                        6


   Skills:
 - Level 2.4 Short Blades
 - Level 0.7 Throwing
 - Level 2.1 Dodging
 + Level 5.4 Stealth
 - Level 2.0 Spellcasting
 * Level 7.6 Hexes


You had 2 spell levels left.
You knew the following spells:

 Your Spells              Type           Power        Failure   Level  Hunger
a - Corona                Hex            ####...      1%          1    #......
c - Confuse               Hex            ####....     2%          3    ####...
d - Ensorcelled Hibernat  Hex/Ice        ##....       10%         2    ###....


Dungeon Overview and Level Annotations

Branches:
Dungeon (3/16)

Altars:
Fedhas

Annotations:
D:3 wojtek's ghost, average TeGl


Innate Abilities, Weirdness & Mutations

You heal slowly.
You have razor-sharp teeth.*
You have supernaturally acute eyesight.
You can survive without breathing.*


Message History

You feel better.
It was a potion of curing.
Wojtek's ghost hits you!
You barely miss wojtek's ghost. Your bite misses wojtek's ghost.
Wojtek's ghost is moderately damaged.
Wojtek's ghost hits you.
You puncture wojtek's ghost!
Wojtek's ghost is severely damaged.
Wojtek's ghost keens inconsolably.
Wojtek's ghost closely misses you.
You miss wojtek's ghost.
Wojtek's ghost is severely damaged.
Drink which item? (? for menu, Esc to quit)
You feel better. Wojtek's ghost barely misses you.
Drink which item? (? for menu, Esc to quit)
You feel extremely strange.
Your body decomposes!
* * * LOW HITPOINT WARNING * * *
Your body decomposes!
* * * LOW HITPOINT WARNING * * *
It was a potion of mutation.
Wojtek's ghost hits you!
You die...

..........# ###
..........# #..
..........# #..
..........# #..
..........# #..
..........## #..
...........# #########..
#..
...........###.p.........
#..
.>..............@........
+..
#.%......................
#..
#.########.###..........
#.. #.# #.#...##.....##
#.. #.# #.#.#<# .....#
#.. #.########.#.###
.....# #.# #..........#
..... .. #
#..........#### .... #
#..........'...... .
..###


You could see wojtek's ghost.

Vanquished Creatures
  A sky beast (D:3)
  4 adders
  A worm (D:3)
  2 adder zombies (D:2)
  2 giant geckos (D:2)
  An ooze (D:1)
  An orc (D:3)
  4 bats
  5 giant cockroaches
  8 goblins
  9 hobgoblins
  8 jackals
  2 quokkas
  3 ball pythons
  A giant gecko skeleton (D:2)
  5 giant newts
  11 kobolds
  A quokka skeleton (D:2)
  A rat (D:3)
70 creatures vanquished.

Notes
Turn   | Place    | Note
--------------------------------------------------------------
     0 | D:1      | PolkaDot, the Vampire Enchanter, began the quest for the Orb.
     0 | D:1      | Reached XP level 1. HP: 13/13 MP: 3/3
   238 | D:1      | Reached XP level 2. HP: 13/19 MP: 4/4
   536 | D:1      | Reached skill level 5 in Hexes
  1050 | D:1      | Reached XP level 3. HP: 21/24 MP: 6/6
  1410 | D:1      | Learned a level 3 spell: Confuse
  2160 | D:2      | Found a blossoming altar of Fedhas.
  2170 | D:2      | Reached XP level 4. HP: 30/30 MP: 7/7
  2291 | D:2      | Reached skill level 6 in Hexes
  2598 | D:2      | Learned a level 2 spell: Ensorcelled Hibernation
  3281 | D:3      | Noticed a sky beast
  3321 | D:3      | Killed a sky beast
  3321 | D:3      | Reached skill level 5 in Stealth
  3321 | D:3      | Reached skill level 7 in Hexes
  3321 | D:3      | Reached XP level 5. HP: 35/35 MP: 1/9
  3974 | D:3      | Noticed wojtek's ghost (average TeGl)
  3991 | D:3      | Slain by wojtek's ghost

Action                   |  1- 3 |  4- 6 || total
-------------------------+-------+-------++-------
Melee: Dagger            |   217 |   103 ||   320
Throw: Dart              |     5 |       ||     5
 Cast: Corona            |    18 |     3 ||    21
       Ensorcelled Hiber |       |    17 ||    17
       Confuse           |       |     5 ||     5
  Use: Potion            |     2 |     4 ||     6
 Stab: Sleeping          |     8 |    17 ||    25
       Distracted        |     1 |       ||     1
       Confused          |       |     1 ||     1
